AoeStats
← 凉拌皮蛋

Arabia

504969794Analyzed
1v1 RM · 25d ago on Sep 7, 2026· 33m 3s· 2 players
Game mode
Random Map
Map size
Tiny (2 player)
Population
200
Speed
Normal
Resources
Standard
Victory
Conquest
Starting age
Dark Age
Ending age
Imperial Age
RankedLock teamsTeams togetherTeam positionsShared explorationLock speedFull tech treeHidden civsTurbo modeCheats
Victory
Defeat
🇨🇳 Burmese · China
1296
+18
🇹🇷 Goths · Türkiye
1335
-18
凉拌皮蛋
7:01 Loom
9:14 Feudal Age
12:05 Horse Collar
15:35 Wheelbarrow
20:46 Castle Age
18:58 Gold Mining
19:00 Stone Mining
19:36 Gold Mining
19:47 Padded Archer Armor
20:00 Forging
21:42 Heavy Plow
21:19 Light Cavalry
22:10 Bloodlines
25:12 Husbandry
27:55 Town Watch
28:26 Hand Cart
28:27 Padded Archer Armor
31:02 Ballistics
35:06 Imperial Age
utsurosenpai
4:45 Loom
9:55 Feudal Age
10:41 Double-Bit Axe
11:14 Horse Collar
12:07 Horse Collar
21:02 Castle Age
19:09 Man-at-Arms
21:26 Scale Mail Armor
21:06 Long Swordsman
21:47 Squires
21:59 Bow Saw
22:08 Forging
22:56 Chain Mail Armor
23:38 Wheelbarrow
25:51 Iron Casting
27:27 Hand Cart
28:56 Town Watch
28:53 Pikeman
30:52 Heavy Plow
Connection lost

Rejoining the realm…

Still unreachable

The connection could not be restored.

Session expired

The server has moved on; the page needs a fresh start.